cohdb
Replays
Latest Replays
All Replays
Popular Replays
Top Player Replays
Match Explorer
How It Works
Community
CoH3 Stats
Reddit
Sign in to upload your games and track your stats! →
Sign in with Steam
Match 35797157
Unlisted
Match 35797157
Overview
Messages
Build Orders
End
Construct Infanterie Kompanie
Construct Infanterie Kompanie
Grenadier Squad
Grenadier Squad
Grenadier Squad
MG 42 Machine Gun Team
Construct Panzergrenadier Kompanie
251 Medium Carrier
Panzergrenadier Squad
Pak 40 Anti-tank Gun Team
Panzergrenadier Squad
Construct Panzer Kompanie
Panzer IV Medium Tank
Selects Breakthrough Battlegroup
Selects Rapid Production
Panzer IV Medium Tank
PayPerPaper
b1tchslap ->
jenscher89
ロイヤルメイド長ベル
gUi
liwoo170
Marty #feeltheBERN
CamilloBrensoConteDiCarrefour
0
0
Comments
sign in to comment!
No comments posted yet!